 Dungeon Crawl Stone Soup version 0.31.0-9-g3a7656b989 (webtiles) character file.

Game seed: 8378191280014021811

473 H0rd4k the Trooper (level 7, -1/60 HPs)
             Began as a Human Artificer on Jan 31, 2024.
             Slain by an orc
             ... wielding a +0 flail
              (7 damage)
             ... on level 5 of the Dungeon.
             The game lasted 00:05:17 (4659 turns).

H0rd4k the Trooper (Human Artificer)                Turns: 4659, Time: 00:05:17

Health: -1/60      AC:  3    Str: 13    XL:     7   Next: 10%
Magic:  16/16      EV:  6    Int: 13    God:
Gold:   195        SH:  0    Dex: 13    Spells: 6/6 levels left

rFire   . . .        k - +2 whip (freeze)
rCold   . . .        (no shield)
rNeg    . . .        b - +0 leather armour
rPois   .            (no helmet)
rElec   .            (no cloak)
rCorr   .            (no gloves)
SInv    .            (no boots)
Will    .....        (no amulet)
Stlth   +            c - ring of magical power
HPRegen 0.30/turn    (no ring)
MPRegen 0.15/turn

%: no passive effects
@: held
A: explore regen
a: no special abilities


You were on level 5 of the Dungeon.
You visited 2 branches of the dungeon, and saw 6 of its levels.

You collected 195 gold pieces.

Inventory:

Hand Weapons
 k - a +2 whip of freezing (weapon)
 r - a +2 dagger of freezing
 v - a +0 short sword of venom
Missiles
 s - a throwing net
 x - 3 darts of dispersal (quivered)
Armour
 b - a +0 leather armour (worn)
Magical Staves
 n - a staff of fire
 u - a staff of cold
Jewellery
 c - a ring of magical power (left hand)
 y - a ring of see invisible
Talismans
 w - a serpent talisman
Wands
 d - a wand of charming (8)
 e - a wand of iceblast (4)
Scrolls
 g - a scroll of poison {unknown}
 i - 6 scrolls of identify {unknown}
 l - a scroll of enchant weapon {unknown}
 p - a scroll of fog {unknown}
 t - a scroll of noise {unknown}
Potions
 a - 2 potions of curing
 f - 2 potions of might {unknown}
 h - 2 potions of resistance {unknown}
 j - 2 potions of mutation {unknown}
 m - 2 potions of haste {unknown}
 o - a potion of heal wounds {unknown}
 q - a potion of magic {unknown}


   Skills:
 + Level 7.2 Fighting
 - Level 2.0 Armour
 - Level 1.0 Dodging
 - Level 1.0 Stealth
 - Level 3.0 Evocations


You had 6 spell levels left.
You didn't know any spells.
Your spell library contained the following spells:

 Spells                   Type           Power      Damage    Failure   Level
 Blink                    Tloc           0%         N/A       52%         2
 Call Imp                 Summ           0%         N/A       52%         2
 Lesser Beckoning         Tloc           0%         N/A       52%         2
 Mercury Vapours          Alch/Air       0%         N/A       52%         2
 Momentum Strike          Conj/Tloc      0%         3d8       52%         2
 Sublimation of Blood     Necr           0%         N/A       52%         2
 Call Canine Familiar     Summ           0%         N/A       75%         3
 Sigil of Binding         Hex            0%         N/A       75%         3
 Dimensional Bullseye     Hex/Tloc       0%         N/A       98%         4
 Irradiate                Conj/Alch      0%         3d11      100%        5
 Dispersal                Tloc           0%         N/A       100%        6
 Malign Gateway           Summ/Tloc      0%         N/A       100%        7
 Summon Hydra             Summ           0%         N/A       100%        7


Dungeon Overview and Level Annotations

Branches:
Dungeon (5/15)             Temple (1/1) D:4

Altars:
Ashenzari
Cheibriados
Hepliaklqana
Makhleb
Nemelex Xobeh
Okawaru
Qazlal
Ru
Sif Muna
Uskayaw
Wu Jian
Xom
Zin

Shops:
D:2 (   D:3 =   D:4 =


Innate Abilities, Weirdness & Mutations

You regain HP and MP as you explore.


Message History

Found 13 gold pieces.
The hound barely misses you. The hound bites you.
A gnoll comes into view.
It is wielding a +1 flail of protection.
Your gnoll sergeant struggles against the net.
The gnoll throws a throwing net.
The throwing net hits you.
You become entangled in the net!
You see here a throwing net.
You struggle against the net.
The hound bites you but does no damage.
Your gnoll sergeant struggles against the net.
The gnoll hits you with a +0 whip. The jackal barely misses you.
You struggle against the net.
The hound bites you.
An ufetubus comes into view.
The jackal bites you. The hound bites you.
Your gnoll sergeant struggles against the net.
The gnoll hits you with a +0 whip.
You struggle against the net.
The jackal bites you. The hound barely misses you.
Your gnoll sergeant struggles against the net.
The gnoll hits your gnoll sergeant with a +0 club.
The gnoll hits you with a +0 whip.
The gnoll hits you from afar with a +0 spear.
The jackal bites you but does no damage.
You struggle against the net.
The hound bites you. The jackal bites you. The hound bites you.
The gnoll hits your gnoll sergeant but does no damage.
The gnoll hits you with a +0 whip. The gnoll hits you with a +0 club.
Your gnoll sergeant struggles against the net.
The net rips apart, and your gnoll sergeant comes free!
The gnoll hits you from afar with a +0 spear!
* * * LOW HITPOINT WARNING * * *
You struggle against the net.
The hound bites you.
* * * LOW HITPOINT WARNING * * *
The jackal bites you but does no damage.
The gnoll closely misses your gnoll sergeant.
The gnoll hits you with a +0 club.
* * * LOW HITPOINT WARNING * * *
The gnoll completely misses your gnoll sergeant.
The gnoll hits you with a +0 whip.
* * * LOW HITPOINT WARNING * * *
The gnoll barely misses you. The orc hits you with a +0 flail!
You die...

#..#............[.#
###..##.........#...##
#....................##
..##..................##
...#.................".$
......[......o..........
.##..#########o.g.......
....## #ohho..#. ...##
#.g@..## .##### #.gg...#
o###.# #gg5g.## oo...#
#....... o#..####++
#......... ...##.....
........... #.##.....#
....#...###. .........#
#.......## ..<.......


You could see a hound, an orc wizard, 6 gnolls, an ufetubus, 3 orcs, a jackal
and a friendly gnoll sergeant (charmed).

Vanquished Creatures
  A black bear (D:4)
  A phantom (D:2)
  A jelly (D:4)
  An orc priest (D:4)
  A hound (D:4)
  An orc wizard (D:3)
  9 adders
  A dart slug (D:2)
  2 ribbon worms
  11 orcs
  3 endoplasms
  3 giant cockroaches
  2 goblins (D:2)
  10 hobgoblins
  5 jackals
  2 quokkas
  9 ball pythons
  4 bats
  4 frilled lizards (D:2)
  6 kobolds
  6 rats
83 creatures vanquished.

Vanquished Creatures (collateral kills)
  2 orcs (D:4)
  2 hobgoblins (D:4)
  A ball python (D:4)
  A kobold (D:4)
6 creatures vanquished.

Vanquished Creatures (others)
  A hound (D:3)
  An iguana (D:4)
  An orc wizard (D:5)
3 creatures vanquished.

Grand Total: 92 creatures vanquished

Notes
Turn   | Place    | Note
-------+----------+-------------------------------------------
     0 | D:1      | H0rd4k the Human Artificer began the quest for the Orb.
     0 | D:1      | Reached XP level 1. HP: 15/15 MP: 1/1
   166 | D:1      | Reached skill level 2 in Fighting
   166 | D:1      | Reached XP level 2. HP: 22/22 MP: 2/2
  1181 | D:2      | Reached XP level 3. HP: 28/28 MP: 3/3
  1308 | D:2      | Found Uggu's Antique Weapon Shop.
  1365 | D:2      | Reached skill level 3 in Fighting
  1582 | D:2      | Reached XP level 4. HP: 12/37 MP: 4/4
  1817 | D:2      | Reached skill level 4 in Fighting
  1838 | D:2      | Noticed a phantom
  1853 | D:2      | Killed a phantom
  1854 | D:2      | Reached skill level 5 in Fighting
  1854 | D:2      | Reached XP level 5. HP: 24/44 MP: 5/5
  2540 | D:3      | Found Amog's Jewellery Shoppe.
  2914 | D:3      | Got the Exposition on Toxic Places
  3055 | D:4      | Found Goahez's Jewellery Shop.
  3278 | D:3      | Reached XP level 6. HP: 21/52 MP: 6/6
  3459 | D:4      | Reached skill level 6 in Fighting
  3786 | D:4      | Noticed a black bear
  3799 | D:4      | Killed a black bear
  4032 | D:4      | Found a staircase to the Ecumenical Temple.
  4086 | Temple   | Entered the Ecumenical Temple
  4185 | D:4      | Found a stormy altar of Qazlal.
  4272 | D:4      | Reached skill level 7 in Fighting
  4377 | D:4      | Reached XP level 7. HP: 55/60 MP: 7/7
  4616 | D:5      | Entered Level 5 of the Dungeon
  4659 | D:5      | Slain by an orc

Illustrated notes

Levels and vault maps discovered:
D:1:      giann_horns, layout_basic, minmay_statues_item
D:2:      layout_loops_corners, serial_shops, nicolae_shop_behind_doors
D:3:      layout_basic, serial_shops, nicolae_shop_trees, roderic_lattice_a
D:4:      layout_basic, nicolae_qazlal_eye_of_the_storm,
          minmay_temple_entry_fiery, serial_shops, shop
D:5:      layout_cave_pools, lemuel_doored_altar, mainiacjoe_overflow_alcove_4,
          cheibrodos_sewer_entry_bend, serial_gnoll_camp, gnoll_camp_mini_basic,
          gnoll_camp_huts_basic, gnoll_camp_mini_shop,
          gnoll_camp_mini_loothouse, minmay_strange_pillars,
          chequers_decorated_corner
Temple:   nicolae_temple_godzebo

Skill      XL: |  1  2  3  4  5  6 |
---------------+-------------------+-----
Fighting       | 2 3 5 7 |  7.2
Armour         | |  2.0
Dodging        | |  1.0
Stealth        | |  1.0
Evocations     | |  3.0

Action                     |  1- 3 |  4- 6 |  7- 9 || total
---------------------------+-------+-------+-------++-------
  Melee: Club              |    94 |       |       ||    94
         Punch             |     2 |     2 |       ||     4
         Whip              |    46 |   179 |     6 ||   231
  Throw: Dart              |       |     1 |       ||     1
  Evoke: Wand              |     5 |    13 |     5 ||    23
    Use: Potion            |     1 |       |       ||     1
   Stab: Sleeping          |     3 |     1 |       ||     4
 Armour: Leather armour    |    89 |   148 |    31 ||   268
  Dodge: Dodged            |   103 |   114 |    10 ||   227
